Map: Frost LE

Players

Fropez

  • Race: Protoss Protoss
  • League: Gold
  • Spawn Location: 11:00

QiTianDaShem - Winner!

  • Race: Zerg Zerg
  • League: Gold
  • Spawn Location: 7:00

VOD

Have the link to the VOD?

Description

Time

  • Played on: Oct. 6, 2016, 6:16 p.m.
  • Length: 10:03
Show
View Real Time Build Order
Export as new Build Order

Fropez Protoss 

Build Orders: 1 Gate Expand 

Get SALT Encoding   

  12  0:01  Probe (Chrono Boost)  
  13  0:16  Pylon  
  13  0:17  Probe (Chrono Boost)  
  14  0:29  Probe (Chrono Boost)  
  14  0:35  Gateway  
  15  0:41  Probe (Chrono Boost)  
  16  0:49  Assimilator  
  16  0:51  Probe (Chrono Boost)  
  17  1:02  Probe (Chrono Boost)  
  18  1:23  Nexus  
  18  1:29  Pylon  
  18  1:40  Cybernetics Core  
  18  1:51  Probe (Chrono Boost)  
  19  2:02  Probe (Chrono Boost)  
  19  2:03  Assimilator  
  20  2:12  Probe (Chrono Boost)  
  21  2:21  Gateway  
  21  2:26  Gateway  
  21  2:29  Probe (Chrono Boost)  
  22  2:38  Probe (Chrono Boost)  
  22  2:40  Mothership Core (Chrono Boost)  
  22  2:41  Warp Gate (Chrono Boost)  
  25  2:45  Adept (Chrono Boost)  
  25  2:49  Probe (Chrono Boost)  
  28  2:55  Pylon  
  28  2:58  Probe  
  28  3:14  Adept (Chrono Boost)  
  28  3:15  Adept (Chrono Boost)  
  28  3:16  Probe  
  31  3:25  Probe  
  32  3:33  Adept  
  33  3:37  Probe  
  33  3:39  Adept  
  36  3:43  Probe  
  36  3:45  Pylon  
  36  3:47  Adept  
  39  3:52  Probe  
  40  4:03  Adept  
  40  4:05  Probe x2  
  40  4:06  Adept  
  46  4:17  Probe  
  46  4:20  Adept  
  49  4:26  Probe  
  49  4:29  Twilight Council  
  50  4:34  Assimilator  
  50  4:35  Probe  
  50  4:36  Probe  
  46  5:05  Pylon, Resonating Glaives (Chrono Boost)  
  46  5:07  Probe  
  46  5:09  Pylon  
  46  5:19  Probe  
  47  5:30  Pylon, Gateway  
  47  5:34  Pylon, Forge  
  47  5:36  Probe  
  47  5:38  Probe  
  49  5:51  Adept  
  49  5:52  Adept  
  49  5:53  Probe x2  
  55  6:04  Probe  
  55  6:05  Probe  
  55  6:07  Adept  
  59  6:14  Gateway  
  59  6:15  Gateway  
  59  6:17  Protoss Ground Weapons Level 1 (Chrono Boost)  
  59  6:21  Probe  
  60  6:28  Assimilator  
  60  6:29  Stalker  
  58  6:47  Probe  
  58  6:49  Pylon  
  58  6:51  Pylon  
  58  6:52  Probe  
  60  6:59  Adept x4  
  60  7:01  Probe  
  69  7:10  Probe  
  69  7:14  Probe, Robotics Facility  
  71  7:22  Probe  
  72  7:30  Probe  
  73  7:39  Pylon, Probe  
  73  7:41  Pylon  
  73  7:42  Assimilator  
  68  7:58  Stalker x5  
  68  7:59  Probe  
  73  8:07  Immortal (Chrono Boost)  
  77  8:14  Probe  
  72  8:30  Stalker  
  72  8:31  Stalker x3  
  72  8:33  Sentry x2  
  83  8:40  Probe x2  
  84  8:44  Immortal (Chrono Boost)  
  79  9:25  Stalker x4  
  79  9:26  Stalker x2  
  51  9:50  Stalker x2  
  51  9:51  Stalker x4  
Show
View Real Time Build Order
Export as new Build Order

QiTianDaShem Zerg - Winner!

Build Orders: Hatch First 

Get SALT Encoding   

  12  0:00  Drone  
  13  0:12  Overlord  
  13  0:17  Drone  
  14  0:31  Drone x2  
  14  0:34  Drone  
  17  0:52  Hatchery  
  17  0:54  Drone  
  17  0:57  Drone  
  18  1:05  Extractor  
  17  1:13  Spawning Pool  
  17  1:16  Drone  
  17  1:20  Drone  
  18  1:33  Drone  
  18  1:38  Overlord  
  19  1:59  Queen  
  19  2:00  Zergling x4  
  23  2:04  Queen  
  23  2:05  Zergling x2  
  26  2:09  Metabolic Boost  
  26  2:12  Drone  
  26  2:15  Drone  
  28  2:27  Drone x2  
  30  2:35  Queen  
  32  2:39  Drone  
  33  2:45  Pneumatized Carapace  
  33  2:47  Overlord  
  33  2:48  Drone  
  34  3:01  Drone x2  
  36  3:07  Zergling x2  
  36  3:14  Zergling x4  
  38  3:20  Drone  
  38  3:21  Evolution Chamber  
  38  3:29  Drone x2  
  40  3:40  Drone x2  
  42  3:42  Overlord, Drone  
  43  3:53  Overlord  
  43  3:55  Extractor, Queen  
  43  3:57  Drone, Hatchery  
  43  3:58  Extractor  
  43  3:59  Drone  
  44  4:09  Overlord  
  44  4:14  Drone x3  
  44  4:15  Overlord, Drone x2  
  49  4:28  Drone  
  49  4:29  Roach Warren, Drone x3  
  52  4:52  Queen  
  52  4:53  Queen  
  52  4:55  Overlord  
  52  5:25  Roach  
  52  5:26  Roach x12  
  78  5:30  Lair  
  78  5:47  Roach x4  
  78  5:49  Zerg Missile Weapons Level 1  
  86  5:52  Drone x3  
  86  5:54  Evolution Chamber  
  88  6:21  Overlord, Drone  
  88  6:22  Overlord  
  88  6:23  Zerg Melee Weapons Level 1  
  89  6:27  Extractor  
  88  6:54  Glial Reconstitution  
  88  6:57  Drone x3  
  88  6:58  Drone x3  
  94  7:02  Drone x6  
  94  7:03  Overlord, Drone x4  
  94  7:04  Overlord x2  
  104  7:14  Drone x2  
  106  7:20  Extractor  
  105  7:25  Hydralisk Den  
  104  7:31  Hatchery  
  103  7:45  Roach  
  103  7:46  Roach x12  
  129  8:05  Muscular Augments  
  129  8:06  Overlord x3  
  129  8:12  Overlord  
  129  8:18  Hatchery  
  122  8:35  Ravager  
  122  8:36  Ravager  
  122  8:37  Ravager  
  122  8:38  Ravager  
  122  8:39  Ravager  
  127  8:46  Drone x2  
  127  8:47  Drone x2  
  127  8:48  Drone x4  
  134  8:52  Extractor  
  134  8:54  Infestation Pit  
  134  8:55  Hydralisk x12  
  135  8:59  Overlord  
  135  9:00  Overlord x2  
  149  9:27  Extractor x2  
  135  9:33  Roach x8  
  135  9:34  Roach x10  
  157  9:48  Drone x5  
  157  9:49  Drone x4  
Tags
 
League
GoldGold
Matchup
PvZ
Replay Pack
All Mines
Spawn Locations
Close Positions
Add a new tag
Caveats
  • Supply blocks, unpowered buildings, or Contaminate may cause inaccurate times.
  • Supply counts are checked every 10 seconds.